[Event "*** Titled Tuesday Blitz"]
[Site "Chess.com"]
[Date "2021.02.16"]
[Round "4"]
[White "lilleper1"]
[Black "OriTaichman"]
[Result "1-0"]
[WhiteElo "2844"]
[BlackElo "2555"]
[TimeControl "180+1"]
[EndTime "10:43:17 PST"]
[Termination "lilleper1 won by checkmate"]

1. d4 Nf6 2. Nf3 g6 3. c4 Bg7 4.
Nc3 O-O 5. e4 d6 6. Be2 e5 7.
O-O Nc6 8. dxe5 dxe5 9. Bg5 Qxd1 10. Rfxd1 h6 11. Be3 Be6 12. Nd5 Rac8 13. Nxf6+ Bxf6 14. Bxh6 Rfd8 15. Be3 Nd4 16. Nxd4 exd4 17. Bf4 c5 18. Bd3 Rc6 19. f3 g5 20. Bg3 a5 21. a4 Rd7 22. b3 Rb6 23. Rab1 Kg7 24. Be1 Ra6 25. Bd2 Bd8 26. g3 f6 27. Kh1 Bh3 28. g4 Bc7 29. Be1 Bf4 30. Bg3 Rb6 31. Bxf4 gxf4 32.
Kg1 Rdd6 33. Re1 Rb4 34. e5 Re6 35. exf6+ Kxf6 36. Rxe6+ Kxe6 37. Kf2 Kf6 38. Bc2 Kg5 39. Re1 d3 40. Bd1 b5 41. axb5 a4 42. bxa4 Rb2+ 43. Kg1 Rg2+ 44. Kh1 d2 45. Rg1 Rf2 46. b6 Kh4 47. b7 Bxg4 48. Rxg4+ Kh3 49. Rh4+ Kxh4 50. b8=Q Rf1+ 51. Kg2 Rxd1 52. Qxf4+ Kh5 53. Qe5+ Kh4 54. Qe4+ Kh5 55. Qd5+ Kh6 56. f4 Kg6 57. f5+ Kg5 58. h4+ Kxh4 59. f6 Kg4 60. f7 Kh4 61. f8=Q Re1 62.
Qf2+ Kg4 63. Qdf5# 1-0

[Event "*** Titled Tuesday Blitz"]
[Site "Chess.com"]
[Date "2021.02.16"]
[Round "4"]
[White "GigaQuparadze"]
[Black "Aradhya2000"]
[Result "1-0"]
[WhiteElo "2939"]
[BlackElo "2573"]
[TimeControl "180+1"]
[EndTime "10:43:28 PST"]
[Termination "GigaQuparadze won by resignation"]

1. e4 e5 2. f4 Bc5 3. Nf3 d6 4.
c3 Nf6 5. d3 Nc6 6. Qe2 Bg4 7.
h3 Nh5 8. hxg4 Ng3 9. Qd1 Nxh1 10. d4 exd4 11. cxd4 Bb4+ 12. Nc3 O-O 13. Bd3 Qf6 14. Be3 Qg6 15. g5 Rfe8 16. e5 Qh5 17. Kd2 dxe5 18. Nxe5 Qxd1+ 19. Rxd1 Ng3 20. Bf2 Nh5 21. g3 Rad8 22.
Kc2 g6 23. Nxc6 bxc6 24. Ne4 Bf8 25. Rf1 Bg7 26. Be1 Rxd4 27. Nc3 Rd7 28. Bf2 f6 29. Bc4+ Kh8 30. gxf6 Bxf6 31. Rh1 Ng7 32. Bd3 Nf5 33. Ne4 Nd4+ 34. Kd2 Be7 35. Kc3 Nb5+ 36. Bxb5 cxb5 37.
Bd4+ Kg8 38. b3 b4+ 39. Kc4 Bd8 40. Be5 Rde7 41. Nf6+ Kf8 42. Nxh7+ Kg8 43. Nf6+ Kf8 44. Rh8+ Kf7 45. Nxe8 Rxe8 46. Rh7+ Ke6 47. Rg7 g5 48. Kxb4 gxf4 49. gxf4 Be7+ 50. Kc4 c6 51. Rg6+ Kd7 52. f5 Rf8 53. f6 Ba3 54. Rg7+ Ke6 55. Bc3 Bd6 56.
Rxa7 Be5 57. Re7+ Kxf6 58. Rxe5 Kg6 59. Re6+ Kf5 60. Rxc6 Ra8 61. a4 Ra7 62. Rc5+ Ke6 63. a5 Kd6 64. b4 Rf7 65. Be5+ Ke6 66. Bd4 Rf1 67. a6 Ra1 68. Bxa1 1-0

[Event "*** Titled Tuesday Blitz"]
[Site "Chess.com"]
[Date "2021.02.16"]
[Round "4"]
[White "TeukkaSalama"]
[Black "RobertoJBM"]
[Result "1/2-1/2"]
[WhiteElo "2383"]
[BlackElo "2702"]
[TimeControl "180+1"]
[EndTime "10:43:31 PST"]
[Termination "Game drawn - insufficient material"]

1. d4 d5 2. Bf4 e6 3. e3 Bd6 4. Qg4 g6 5. Qf3 Bxf4 6. Qxf4 Qd6 7. Qxd6 cxd6 8. c4 dxc4 9. Bxc4 Nf6 10. Nc3 a6 11.
Nf3 b5 12. Bd3 Bb7 13. a4 b4 14. Na2 a5 15. Nc1 Nbd7 16. Bb5 Ke7 17. O-O Rhc8 18.
Nd2 Nb6 19. Ncb3 Nfd5 20. Rfc1 Rxc1+ 21. Rxc1 Kd8 22. Kf1 Nc7 23. Nc4 Nxc4 24. Bxc4 Kd7 25. f3 Bc6 26. Ke2 Bxa4 27. Nd2 d5 28. Bd3 Bc6 29.
Nb3 Kd6 30. Nc5 Ra7 31. b3 f6 32. e4 e5 33. Ke3 exd4+ 34. Kxd4 Ra8 35. f4 dxe4 36.
Bxe4 Nb5+ 37. Kd3 Nc3 38. Bxc6 Kxc6 39. Ne4 Kb5 40. Nxc3+ bxc3 41. Rxc3 Ra7 42. Kc2 Re7 43. Kd2 Rd7+ 44. Kc2 Rd6 45. g3 h5 46. Rc7 f5 47.
Rg7 Rc6+ 48. Kd2 Kc5 49. Kd3 Kb4 50. Rb7+ Kc5 51. Rg7 Rd6+ 52. Kc3 Re6 53. Rc7+ Kb6 54. Rc8 Re2 55. Rg8 Rxh2 56. Rxg6+ Kc5 57. Rg5 Kd5 58. Rxf5+ Ke4 59. Rxa5 Rh3 60. Rg5 h4 61. Kc4 Rxg3 62.
Rh5 h3 63. b4 Kxf4 64. b5 Kg4 65.
Rh8 Rg2 66. b6 Rb2 67. Kc5 Kg3 68. Kc6 h2 69. b7 Kg2 70. Kc7 Rxb7+ 71. Kxb7 h1=Q 72.
Rxh1 Kxh1 1/2-1/2

[Event "*** Titled Tuesday Blitz"]
[Site "Chess.com"]
[Date "2021.02.16"]
[Round "4"]
[White "WiktoriaPOL"]
[Black "MariaFominykh"]
[Result "1-0"]
[WhiteElo "2031"]
[BlackElo "2248"]
[TimeControl "180+1"]
[EndTime "10:43:33 PST"]
[Termination "WiktoriaPOL won by resignation"]

1. e4 d6 2. d4 Nf6 3. Nc3 e5 4. dxe5 dxe5 5. Qxd8+ Kxd8 6. Nf3 Bd6 7. Bc4 Be6 8. Bxe6 fxe6 9. Bg5 a6 10. O-O-O Nd7 11.
Bh4 Ke7 12. Rd2 h6 13. Bg3 b5 14. h4 b4 15. Na4 Nxe4 16. Re2 Nxg3 17. fxg3 Rhf8 18.
h5 Rf5 19. Nh4 Rg5 20. Ng6+ Ke8 21. Re3 Nf6 22. Rhe1 Nxh5 23. Nxe5 Rxg3 24. Rxg3 Nxg3 25. Nc4 Bf4+ 26. Kb1 Kf7 27. Nc5 Bd6 28. Nxd6+ cxd6 29. Nb7 Ke7 30. Na5 Rc8 31. Nb3 Rf8 32. Nd4 Rf1 33.
Rxf1 Nxf1 34. Nc6+ Kd7 35. Nxb4 Ne3 36. g3 a5 37. Nd3 Nf5 38. g4 Ne3 39. Nf2 d5 40.
Kc1 e5 41. Kd2 d4 42. c3 Nc4+ 43. Kc2 Kd6 44. b3 Ne3+ 45. Kd3 Kd5 46. c4+ Kc5 47.
Ne4+ Kb4 48. Nf2 g6 49. Ke4 h5 50. gxh5 gxh5 51. Kxe5 Kc3 52. c5 Ng4+ 53. Nxg4 hxg4 54. c6 d3 55. c7 d2 56. c8=Q+ Kb2 57. Qd7 Kc1 58. Qc6+ Kb2 59. Qd5 Kc1 60. Qc4+ Kb2 61. Qxg4 Kc2 62. Qc4+ Kb2 63. Qd3 Kc1 64. Qc3+ Kd1 65.
Qd3 Ke1 66. Qe3+ Kd1 67. Kd4 Kc2 68. Qc3+ Kd1 69. Qd3 Ke1 70. Qe3+ Kd1 71. Kd3 1-0

[Event "*** Titled Tuesday Blitz"]
[Site "Chess.com"]
[Date "2021.02.16"]
[Round "4"]
[White "VALPARAISO37"]
[Black "Smile2005"]
[Result "0-1"]
[WhiteElo "2485"]
[BlackElo "2355"]
[TimeControl "180+1"]
[EndTime "10:43:37 PST"]
[Termination "Smile2005 won on time"]

1. d4 Nf6 2. c4 g6 3. Nc3 Bg7 4. e4 O-O 5. f3 d6 6. Be3 Nc6 7.
Nge2 a6 8. Rc1 Rb8 9. Qd2 Bd7 10. b3 b5 11. Ng3 b4 12. Nd5 e6 13. Nxf6+ Qxf6 14. Rd1 h5 15. h4 a5 16. Ne2 Qd8 17.
Bg5 f6 18. Be3 e5 19. d5 Ne7 20. Ng3 f5 21. Bg5 f4 22. Ne2 Bf6 23. Bxf6 Rxf6 24. Nc1 Kg7 25. Nd3 Be8 26. c5 Bb5 27. c6 Nc8 28.
Rc1 Bxd3 29. Bxd3 Nb6 30. Ba6 Rf8 31. Ra1 g5 32. hxg5 Qxg5 33. Qf2 Rf5 34. Kf1 Rf6 35. Qh4 Rg6 36. Qxg5 Rxg5 37. a3 Kf6 38. axb4 axb4 39. Bb7 Rbg8 40. Rh2 h4 41. Kf2 Rg3 42. Ra6 R8g7 43.
Rxb6 cxb6 44. Bc8 Ra7 45. Bb7 Ra2+ 46. Kf1 Ra1+ 47. Ke2 Ra2+ 48. Kd3 Rg7 49. Kc4 Raxg2 50. Rxh4 R2g3 51. Kxb4 Rxf3 52. Rh6+ Kg5 53. Rxd6 Re3 54. Re6 Rxe4+ 55. Kb5 f3 56. d6 f2 57. Re7 f1=Q+ 58.
Kxb6 Rb4+ 59. Kc7 Rxe7+ 60. dxe7 Qf7 61. Kd8 Rd4+ 62. Kc7 Qxe7+ 63. Kb6 Qd6 64. b4 Rxb4+ 65. Ka6 e4 66. Ka7 Rxb7+ 67. cxb7 e3 68. Ka8 Qc7 69. Ka7 Qxb7+ 70. Kxb7 e2 0-1

[Event "*** Titled Tuesday Blitz"]
[Site "Chess.com"]
[Date "2021.02.16"]
[Round "4"]
[White "jens1102"]
[Black "Guzman70"]
[Result "1-0"]
[WhiteElo "2434"]
[BlackElo "2228"]
[TimeControl "180+1"]
[EndTime "10:43:38 PST"]
[Termination "jens1102 won on time"]

1. d4 Nf6 2. c4 c5 3. Nf3 cxd4 4. Nxd4 e5 5. Nb5 d5 6. cxd5 Bc5 7. N1c3 O-O 8. e3 a6 9. Na3 e4 10. Be2 Bf5 11.
O-O Nbd7 12. Nc2 Ne5 13. b4 Bd6 14. Bb2 Rc8 15. Na4 Nc4 16. Bd4 b5 17. Bxc4 Rxc4 18.
Nb6 Rc7 19. h3 Nd7 20. Nxd7 Qxd7 21. Ne1 Rfc8 22. g4 Bg6 23. Ng2 h5 24. a4 hxg4 25.
Qxg4 Qxg4 26. hxg4 Bxb4 27. Nf4 Bc3 28. Bxc3 Rxc3 29.
Nxg6 fxg6 30. axb5 axb5 31. Rfd1 b4 32. d6 b3 33. d7 Rd8 34. Kg2 Rc7 35. Rab1 Rcxd7 36. Rxd7 Rxd7 37. Rxb3 Re7 38. Kg3 g5 39. Rb5 Kh7 40. Rxg5 Kh6 41. Ra5 g5 42. Ra6+ Kg7 43. Kg2 Kh7 44.
Kf1 Kg7 45. Ke2 Kh7 46. Kd2 Kg7 47. Ke2 Kh7 48. Ra5 Kg6 49. Ra6+ Kg7 50. f4 exf3+ 51.
Kxf3 Kh7 52. e4 Rf7+ 53. Ke3 Rf1 54. Ra2 Rg1 55. Kf3 Rf1+ 56. Rf2 Re1 57. Re2 Rf1+ 58. Kg2 Rf4 59. Kg3 Kg6 60. e5 Kf7 61. e6+ Ke7 62. Re5 Ra4 63. Kf3 Rf4+ 64. Kg3 Ra4 65. Re1 Ra3+ 66.
Kg2 Ra5 67. Re4 Rb5 68. Kf3 Rb3+ 69. Re3 Rb4 70. Kg3 Ra4 71. Re5 Ra3+ 72. Kf2 Ra4 73. Kf3 Ra3+ 74. Ke4 1-0

[Event "*** Titled Tuesday Blitz"]
[Site "Chess.com"]
[Date "2021.02.16"]
[Round "4"]
[White "Bacyanide"]
[Black "Grineva_Marianna"]
[Result "1/2-1/2"]
[WhiteElo "2425"]
[BlackElo "2233"]
[TimeControl "180+1"]
[EndTime "10:43:40 PST"]
[Termination "Game drawn by agreement"]

1. d4 d6 2. Nf3 c6 3. c4 Nd7 4. Nc3 h6 5. e4 g5 6. Be2 Bg7 7.
O-O Nf8 8. d5 Ng6 9. Be3 c5 10.
Re1 g4 11. Nd2 h5 12. Nf1 Ne5 13. a3 h4 14. f4 gxf3 15. gxf3 Nf6 16. Kh1 Bh6 17.
Bxh6 Rxh6 18. Ne3 Bh3 19. f4 Ng6 20. e5 dxe5 21. fxe5 Nxe5 22. Rg1 Qd7 23. b4 O-O-O 24. bxc5 Rg6 25. Qd4 Neg4 26. Nxg4 Bxg4 27. Raf1 Rdg8 28. Bxg4 Rxg4 29. Rxg4 Rxg4 30. Qe5 Rxc4 31. d6 Qc6+ 32. Kg1 Rg4+ 33. Kf2 Qg2+ 34. Ke1 Ne4 35. Qd4 Qxf1+ 36. Kxf1 Ng3+ 37. hxg3 Rxd4 38. dxe7 Kd7 39. gxh4 Kxe7 40. Nb5 Rxh4 41. Nxa7 Kd7 42. Nb5 Kc6 43. Nd6 f6 44. Ke2 Kxc5 45. Nxb7+ Kb5 46. Nd6+ Ka4 47. Kf3 Kxa3 48.
Ne4 f5 49. Ng3 Rh3 50. Kf4 Kb4 51. Nxf5 Kc5 52. Ne3 Kd4 53. Nf5+ Kd5 54. Ne3+ Ke6 55. Ng4 Rh4 56. Kg5 Rh1 57. Kf4 Rg1 58. Ke4 Re1+ 59. Kf3 Ra1 60. Kf4 Ra4+ 61. Kg5 Rb4 62. Ne3 Rb5+ 63.
Kf4 Re5 64. Ng4 Rf5+ 65. Ke4 Ra5 66. Ne3 Ra4+ 67. Kd3 Ke5 68. Nc4+ Kd5 69. Ne3+ Kc5 70. Nc2 Ra2 71. Ne3 Ra3+ 72. Ke4 Ra4+ 73. Kd3 Rd4+ 74.
Kc3 Rh4 75. Kd3 Rh3 76. Ke4 Rh4+ 77. Kd3 Rd4+ 78. Kc3 Rh4 1/2-1/2

[Event "*** Titled Tuesday Blitz"]
[Site "Chess.com"]
[Date "2021.02.16"]
[Round "4"]
[White "Olga_Zhuravleva"]
[Black "AlexSuv"]
[Result "0-1"]
[WhiteElo "2299"]
[BlackElo "2456"]
[TimeControl "180+1"]
[EndTime "10:43:41 PST"]
[Termination "AlexSuv won by resignation"]

1. e4 c5 2. Nf3 e6 3. d4 cxd4 4. Nxd4 Nc6 5. Nc3 Qc7 6. f4 a6 7. Nxc6 bxc6 8. Bd3 d5 9. Qf3 Nf6 10. O-O Bb7 11. Kh1 Be7 12. Bd2 d4 13. Ne2 c5 14.
b3 O-O 15. Ng3 Ne8 16. Rae1 g6 17. Qf2 Ng7 18. f5 exf5 19. exf5 Bh4 20. Bf4 Qd7 21. Bh6 Rfe8 22. Rxe8+ Rxe8 23. Bxg7 Kxg7 24. fxg6 hxg6 25. Nh5+ gxh5 26. Qxh4 Qd5 27. Qf6+ Kg8 28. Qf2 Re5 29.
Bc4 Qd7 30. Bxf7+ Kh7 31. Bc4 Rg5 32. Qf7+ Qxf7 33. Rxf7+ Rg7 34. Bd3+ Kh6 35. Rf6+ Kg5 36. Rf5+ Kh6 37. Rf6+ Kg5 38. Rf2 Re7 39. h3 Re5 40. Kh2 h4 41. Rf7 Bd5 42. Rg7+ Kh5 43. Rh7+ Kg5 44.
Rg7+ Kh5 45. Rc7 Ba8 46. Ra7 Bd5 47. Rxa6 Rg5 48. Bf1 Rf5 49. Kg1 Re5 50. Ra7 Be4 51. Rf7 Bxc2 52. Rf2 d3 53. Rd2 Rd5 54. Kf2 Kg5 55.
Ke3 Re5+ 56. Kf3 Rd5 57. Ke3 Re5+ 58. Kf3 Rd5 59. g3 hxg3 60. Kxg3 Kf5 61. Bg2 Re5 62.
Bf3 Re3 63. Kf2 Kf4 64. Bg4 Re8 65. a3 Ra8 66. b4 cxb4 67. axb4 Rb8 68. Kg2 Rxb4 69.
Kf2 Rb8 70. Be6 Rf8 71. Bg4 Ke4+ 72. Kg2 Ke3 73. Rd1 Bxd1 74. Bxd1 d2 75. Bg4 Rd8 0-1

[Event "*** Titled Tuesday Blitz"]
[Site "Chess.com"]
[Date "2021.02.16"]
[Round "4"]
[White "MPGM"]
[Black "muchojogo"]
[Result "1-0"]
[WhiteElo "2611"]
[BlackElo "2344"]
[TimeControl "180+1"]
[EndTime "10:43:42 PST"]
[Termination "MPGM won by resignation"]

1. c4 Nf6 2. Nc3 c5 3. g3 g6 4. Bg2 Bg7 5. b3 Nc6 6. Bb2 O-O 7. e3 d6 8. Nge2 Nb4 9. d3 Bf5 10. e4 Bd7 11. O-O Qc8 12. Qd2 Nc6 13. Nd5 Ne8 14. Bxg7 Nxg7 15. d4 Ne6 16. e5 dxe5 17. dxe5 Qd8 18.
f4 Ned4 19. Nec3 Bf5 20. h3 h5 21. Rad1 Qd7 22. Kh2 Kg7 23. Ne3 Rad8 24. Qf2 Qc8 25.
Ne4 b6 26. Ng5 f6 27. exf6+ exf6 28. Nf3 Nxf3+ 29. Qxf3 Nd4 30. Qf2 Rfe8 31. Rfe1 Be4 32. Nd5 Bxd5 33. Bxd5 Qf5 34. h4 Qg4 35. Rd2 Rxe1 36.
Qxe1 Nf5 37. Qf2 Nd4 38. Rd3 Qd7 39. Re3 Re8 40. Kg2 Rxe3 41. Qxe3 Kf8 42. Qe4 Qf5 43. Qxf5 Nxf5 44. Be4 Ne7 45. Kf3 Kf7 46. Ke3 f5 47.
Bb7 Ke6 48. Bf3 Ng8 49. Kd3 Nf6 50. Kc3 Ne8 51. a3 Kd6 52. b4 Ng7 53. b5 Ne6 54.
a4 Nd4 55. Bd1 Kc7 56. Kd3 Kb7 57. Ke3 a6 58. Bf3+ Ka7 59. Bd5 a5 60. Bf7 Nc2+ 61. Kd2 Nd4 62. Bxg6 Nf3+ 63. Ke3 Ng1 64. Bxh5 Kb8 65. Bg6 Nh3 66. Bxf5 Ng1 67. Kf2 Kc7 68. Kg2 Kd8 69. Kxg1 Ke7 70. Kf2 Kf6 71. Be4 Kg7 72.
Kf3 Kf8 73. g4 Ke7 74. g5 Kd6 75. h5 Ke7 76. h6 Kf8 77. Kg4 Kg8 78. f5 Kf8 79. f6 1-0

[Event "*** Titled Tuesday Blitz"]
[Site "Chess.com"]
[Date "2021.02.16"]
[Round "4"]
[White "anon481216"]
[Black "garfield_pg"]
[Result "0-1"]
[WhiteElo "2444"]
[BlackElo "2323"]
[TimeControl "180+1"]
[EndTime "10:43:45 PST"]
[Termination "garfield_pg won by resignation"]

1. d4 Nf6 2. c4 g6 3. Nf3 Bg7 4. g3 O-O 5. Bg2 c5 6. d5 d6 7. O-O Na6 8. Nc3 Nc7 9. a4 Rb8 10. h3 a6 11. a5 b5 12. axb6 Rxb6 13. Qc2 Bd7 14. e4 Qc8 15. Kh2 e5 16. Ne1 Qb7 17. Nd3 Nh5 18. f4 exf4 19. gxf4 Re8 20. Bd2 Bd4 21.
Rae1 Ng7 22. Bc1 a5 23. e5 Bf5 24. Ne4 Bxe4 25. Rxe4 Nf5 26. Qa4 Qc8 27. exd6 Rxd6 28. Rfe1 Rxe4 29. Rxe4 Ra6 30. Ne5 Bxe5 31. fxe5 Nd4 32.
Qd1 Qf5 33. Qg4 Rb6 34. Qxf5 Nxf5 35. h4 h5 36. Bh3 Nd4 37. Kg2 a4 38. Re3 Kg7 39.
Bd7 Nb3 40. Rc3 Nxc1 41. Rxc1 Rxb2+ 42. Kg3 a3 43. d6 Ne6 44. Bxe6 fxe6 45. Ra1 a2 46. d7 Rd2 47. Rxa2 Rxd7 48. Ra5 Rd3+ 49. Kg2 Rd4 50. Rxc5 Rxh4 51. Rc7+ Kh6 52. Kg3 Kg5 53.
Rc6 Rg4+ 54. Kh3 Kf5 55. c5 Re4 56. Rc8 Rxe5 57. c6 Rc5 58. c7 Kg5 59. Kg3 Rc3+ 60. Kf2 Kg4 61. Ke2 g5 62. Kd2 Rc6 63. Kd3 h4 64. Kd4 h3 65. Ke5 h2 66. Rh8 Kg3 67.
c8=Q Rxc8 68. Rxc8 h1=Q 69. Rc3+ Kg4 70. Rc4+ Kh5 71.
Kxe6 Qe1+ 72. Kd5 Qd2+ 73. Rd4 Qxd4+ 74. Kxd4 Kg4 75. Ke3 Kg3 76. Ke2 Kg2 77. Ke1 g4 78. Ke2 g3 79. Ke1 Kh2 0-1

[Event "*** Titled Tuesday Blitz"]
[Site "Chess.com"]
[Date "2021.02.16"]
[Round "4"]
[White "barriochess"]
[Black "MatyChess1"]
[Result "1-0"]
[WhiteElo "2455"]
[BlackElo "2611"]
[TimeControl "180+1"]
[EndTime "10:43:49 PST"]
[Termination "barriochess won by checkmate"]

1. d4 Nf6 2. Bg5 e6 3. e4 c5 4. d5 exd5 5. exd5 h6 6. Bh4 d6 7. c4 g5 8. Bg3 Bg7 9. Nc3 O-O 10. Bd3 Re8+ 11. Nge2 Nh5 12. O-O f5 13. f4 Rf8 14. Qc2 g4 15. Bf2 a6 16. a3 b6 17.
Rab1 Ra7 18. b4 Bd7 19. bxc5 bxc5 20. Rb3 Qc7 21. Rfb1 Kh8 22. Nd1 Ba4 23. Ne3 Bxb3 24. Qxb3 Nd7 25. Bxf5 Rb8 26. Qc2 Rxb1+ 27. Qxb1 Nhf6 28.
Nxg4 Rb7 29. Qd3 Nxg4 30. Bxg4 Nf6 31. Be6 Qe7 32. h3 Qe8 33. Kh2 Rb2 34. Bh4 Nh5 35.
Qf3 Qg6 36. f5 Be5+ 37. Ng3 Qe8 38. Qe3 Nf4 39. Bf6+ Bxf6 40. Qxf4 Qf8 41. h4 Be5 42. Qf3 Qf6 43. Kh3 Rc2 44. Ne4 Qg7 45. f6 Qg6 46. h5 Qe8 47. f7 Qf8 48. Qe3 Rxc4 49. g3 Rd4 50. Nd2 Qg7 51. Ne4 Qf8 52. Qf3 Rxe4 53.
Qxe4 Qg7 54. Qf5 Bf6 55. Qf4 Be7 56. Kg2 Qf8 57. g4 Qg7 58. Qf5 Qb2+ 59. Kf3 Qg7 60. Ke4 Qd4+ 61. Kf3 Qc3+ 62. Kg2 Qg7 63. a4 Qb2+ 64.
Kh3 Qc3+ 65. Kg2 Qg7 66. Kh3 a5 67. Kg2 Qb2+ 68. Kh3 Qg7 69. Kg2 Qc3 70. f8=Q+ Bxf8 71. Qxf8+ Kh7 72. Qg8# 1-0

[Event "*** Titled Tuesday Blitz"]
[Site "Chess.com"]
[Date "2021.02.16"]
[Round "4"]
[White "ARTHURMOTIVATOR"]
[Black "woodhy"]
[Result "0-1"]
[WhiteElo "2318"]
[BlackElo "2466"]
[TimeControl "180+1"]
[EndTime "10:43:50 PST"]
[Termination "woodhy won by resignation"]

1. e4 e6 2. b3 d5 3. Bb2 Nf6 4. e5 Nfd7 5. f4 c5 6. Qg4 Nc6 7. Nf3 h5 8. Qh3 g6 9. Be2 a5 10. Na3 a4 11. Nb5 Qb6 12. Nd6+ Bxd6 13. exd6 Nd4 14.
Nxd4 cxd4 15. Bd3 axb3 16. Bxg6 Qxd6 17. Bxd4 e5 18. Bxf7+ Kxf7 19. fxe5 Nxe5 20. O-O+ Kg6 21. Qg3+ Bg4 22. Bxe5 Qb6+ 23. Kh1 Rhf8 24. axb3 Rxa1 25. Rxa1 Qf2 26. Qd3+ Qf5 27. Qxf5+ Bxf5 28. c4 Be4 29.
Kg1 dxc4 30. bxc4 Bd3 31. c5 Rf5 32. Bd6 h4 33. Re1 Rf7 34. h3 Bb5 35. d4 Rf5 36. Kh2 Bc6 37. Re6+ Kf7 38. Rh6 Rf2 39. Rh7+ Kg6 40.
Re7 Rxg2+ 41. Kh1 Rg3+ 42. Kh2 Rg2+ 43. Kh1 Rd2+ 44. Kg1 Rxd4 45. Kf2 Rd3 46. Re6+ Kf5 47. Re5+ Kf6 48. Rh5 Rxh3 49. Rh7 Rh1 50. Be7+ Ke6 51.
Rxh4 Rc1 52. Bd6 Rc2+ 53. Ke3 Ra2 54. Kd3 Ra3+ 55. Kc2 Kd5 56. Kb2 Rf3 57. Rh5+ Kc4 58. Rh4+ Kb5 59. Rh6 Bd5 60. Rh5 Kc4 61. Rh4+ Kb5 62.
Rh5 Bc4 63. Rh4 Rf2+ 64. Kc3 Bd5 65. Rd4 Rf3+ 66. Kb2 Bc4 67. Rh4 Kc6 68. Rg4 b6 69. Rxc4 bxc5 70. Rxc5+ Kxd6 71. Rc3 Rf2+ 72. Kb3 Rf1 73.
Kc4 Re1 74. Rd3+ Ke5 75. Kc5 Rc1+ 76. Kb4 Ke4 77. Rb3 Kd4 78. Rc3 Rxc3 0-1

[Event "*** Titled Tuesday Blitz"]
[Site "Chess.com"]
[Date "2021.02.16"]
[Round "4"]
[White "DinaBelenkaya"]
[Black "Euge_chess"]
[Result "1/2-1/2"]
[WhiteElo "2294"]
[BlackElo "2106"]
[TimeControl "180+1"]
[EndTime "10:43:52 PST"]
[Termination "Game drawn by repetition"]

1. e4 e5 2. Nf3 Nc6 3. Bb5 Nd4 4.
Ba4 Nxf3+ 5. Qxf3 Qf6 6. Qe2 c6 7. c3 d6 8. d3 Ne7 9. Be3 Ng6 10. Qc2 Nf4 11. f3 Be7 12. Na3 O-O 13. O-O-O b5 14.
Bb3 a5 15. Qf2 d5 16. exd5 Bxa3 17. bxa3 Nxd5 18. Bd2 Bf5 19. Bc2 Nf4 20. Be3 Rfd8 21. d4 Bxc2 22. Qxc2 b4 23. g3 Nd5 24. Bd2 bxc3 25.
Bxc3 Qxf3 26. Bb2 exd4 27. Rhf1 Qe3+ 28. Kb1 Nc3+ 29. Bxc3 dxc3 30. Rfe1 Qb6+ 31. Ka1 Qb2+ 32. Qxb2 cxb2+ 33. Kxb2 Rab8+ 34. Kc3 Kf8 35. Rxd8+ Rxd8 36. Kc4 Rd5 37. Re2 f6 38. Rb2 Kf7 39. Rb8 Rh5 40.
Rb7+ Kg6 41. h4 Rf5 42. Rb6 Rf2 43. Rxc6 Rxa2 44. Kb3 Rg2 45. Rc3 Kf5 46. a4 Ke4 47. Rc4+ Kd5 48. Rg4 g6 49. Kc3 f5 50. Rg5 Ke4 51. h5 Ke5 52. hxg6 hxg6 53. Rxg6 Ke4 54. Kc4 Ra2 55. Kb5 Rb2+ 56. Kxa5 Kf3 57. Rg5 Ke4 58.
Ka6 Rb4 59. a5 Rb3 60. Ka7 Ke5 61. a6 Kf6 62. Rg8 Kf7 63. Rc8 Rxg3 64. Rc7+ Ke6 65. Kb8 Ra3 66. a7 Ke5 67. a8=Q Rxa8+ 68. Kxa8 f4 69.
Kb7 Ke4 70. Kc6 f3 71. Re7+ Kf4 72. Rf7+ Kg3 73. Kd5 f2 74. Ke4 Kg2 75. Rg7+ Kh3 76. Rf7 Kg2 77. Rg7+ Kh3 78. Rh7+ Kg2 79. Rg7+ 1/2-1/2

[Event "*** Titled Tuesday Blitz"]
[Site "Chess.com"]
[Date "2021.02.16"]
[Round "4"]
[White "marianokar"]
[Black "Piccadilly123"]
[Result "1-0"]
[WhiteElo "2437"]
[BlackElo "2262"]
[TimeControl "180+1"]
[EndTime "10:43:53 PST"]
[Termination "marianokar won by checkmate"]

1. e4 e6 2. d3 d5 3. Nd2 Nf6 4. Ngf3 c5 5. g3 b6 6. Bg2 Bb7 7. Qe2 Nc6 8. O-O Be7 9. Re1 dxe4 10. dxe4 Nb4 11. e5 Ba6 12. c4 Nd7 13. Ne4 O-O 14.
Bf4 Qc7 15. Nd6 Rad8 16. a3 Nd5 17. Nb5 Bxb5 18. cxb5 Rfe8 19. Bd2 Nf8 20. h4 f5 21. exf6 Bxf6 22. Rab1 e5 23. Ng5 h6 24. Qc4 Qd7 25. Ne4 Kh8 26. Rbd1 Qe6 27. Bc1 Nf4 28. Qc2 Nxg2 29. Kxg2 Rd4 30. Be3 Rxd1 31. Rxd1 Rd8 32. Rxd8 Bxd8 33. Qd3 Qd7 34. Qxd7 Nxd7 35. Nd6 Bc7 36.
Nc8 Bb8 37. Ne7 Nf8 38. Nc6 Bd6 39. Nxa7 Ne6 40. Nc6 Nd4 41. a4 Kg8 42. Bxd4 exd4 43. Kf3 Kf7 44. Ke4 Ke6 45. b3 Bc7 46. g4 g5 47. h5 Bd6 48. Nd8+ Kd7 49. Nf7 Bf8 50.
Ne5+ Ke6 51. Nc4 Bg7 52. Nxb6 Kd6 53. Nc4+ Kc7 54. a5 Kb7 55. f3 Ka7 56. Nd6 Bf8 57.
Nc4 Be7 58. Kd3 Bf8 59. Ne5 Be7 60. Kc4 Kb7 61. Nd3 Bf8 62. b6 Ka6 63. Kd5 Kxa5 64. b7 Bd6 65. Kxd6 c4 66. b8=Q cxd3 67. Qa8+ Kb4 68.
Qd5 Kc3 69. Ke5 d2 70. Qxd4+ Kc2 71. Kf5 d1=Q 72. Qxd1+ Kxd1 73. b4 Ke2 74. Ke4 Kf2 75. b5 Kg3 76. b6 Kh4 77. b7 Kg3 78. b8=Q+ Kh4 79. Qb2 Kg3 80. Qd2 Kh4 81. Qf2+ Kh3 82. Qc2 Kg3 83. Qc6 Kh3 84. Qxh6 Kg3 85. Qc6 Kh3 86.
h6 Kg3 87. h7 Kg2 88. h8=Q Kg3 89. Qb8+ Kg2 90. Qc2+ Kh1 91. Qbb1# 1-0

[Event "*** Titled Tuesday Blitz"]
[Site "Chess.com"]
[Date "2021.02.16"]
[Round "4"]
[White "frankshar"]
[Black "PlotnikovPavel"]
[Result "1-0"]
[WhiteElo "2367"]
[BlackElo "2474"]
[TimeControl "180+1"]
[EndTime "10:43:54 PST"]
[Termination "frankshar won by checkmate"]

1. d4 Nf6 2. c4 g6 3. Nc3 Bg7 4. e4 O-O 5. Nf3 d6 6. Be2 e5 7. dxe5 dxe5 8. O-O Nc6 9. Qxd8 Rxd8 10. Bg5 Re8 11.
Rfd1 Bg4 12. Nd5 Bxf3 13. Bxf3 Nxd5 14. cxd5 Nd4 15. Rac1 c6 16. dxc6 bxc6 17. Bg4 h5 18. Bf3 Rab8 19. b3 f5 20. Rc4 Kf7 21. exf5 e4 22. Be3 exf3 23. Bxd4 Rbd8 24. fxg6+ Kxg6 25.
gxf3 c5 26. Rxc5 Bxd4 27. Rc6+ Kf5 28. Kf1 Kf4 29. Rc4 Ke5 30. f4+ Ke4 31. Rcxd4+ Rxd4 32. Re1+ Kf3 33. Rxe8 Rd2 34. Re3+ Kxf4 35. a4 h4 36. Kg2 Rb2 37. Rc3 a5 38. Rc4+ Kg5 39. Rc3 Kg4 40. h3+ Kf4 41. Rc4+ Kg5 42. Rc5+ Kf4 43. Rxa5 Rxb3 44.
Rh5 Ra3 45. Rxh4+ Kg5 46. Rg4+ Kh5 47. Rb4 Ra1 48. Kg3 Rg1+ 49. Kf3 Ra1 50. Kg2 Ra3 51. f3 Ra1 52. Kg3 Rg1+ 53. Kf2 Ra1 54. Rg4 Ra3 55. Kg3 Ra2 56. Rb4 Ra1 57. Rb5+ Kg6 58. a5 Rg1+ 59. Kf4 Ra1 60. h4 Ra4+ 61. Kg3 Ra3 62.
Kg4 Ra1 63. Rb6+ Kg7 64. a6 Ra4+ 65. f4 Ra1 66. Kf5 Ra5+ 67. Ke6 Ra1 68. f5 Re1+ 69.
Kd7 Rd1+ 70. Rd6 Ra1 71. Kc7 Kf7 72. Re6 Rc1+ 73. Kb7 Rb1+ 74. Rb6 Re1 75. a7 Re7+ 76. Ka6 Re8 77. Rb8 Re1 78. a8=Q Ra1+ 79. Kb7 Rb1+ 80.
Kc6 Rc1+ 81. Kd5 Rc7 82. Rb7 Kf6 83. Rxc7 Kxf5 84. Qf8+ Kg4 85. Rg7+ Kh3 86. Qf3+ Kxh4 87. Qg4# 1-0

[Event "*** Titled Tuesday Blitz"]
[Site "Chess.com"]
[Date "2021.02.16"]
[Round "4"]
[White "GLeruste"]
[Black "Ladislav1969"]
[Result "1/2-1/2"]
[WhiteElo "2452"]
[BlackElo "2315"]
[TimeControl "180+1"]
[EndTime "10:44:00 PST"]
[Termination "Game drawn - insufficient material"]

1. d4 Nf6 2. Nc3 g6 3. e4 d6 4. Bg5 Bg7 5. e5 Nfd7 6. exd6 cxd6 7. Qd2 Nc6 8. Nf3 h6 9. Be3 Nf6 10. h3 d5 11. Be2 Bf5 12. O-O Ne4 13. Nxe4 Bxe4 14.
c3 Qd7 15. Rfe1 g5 16. Nh2 O-O 17. f4 f6 18. b4 a6 19. a4 Kh7 20. b5 axb5 21. axb5 Rxa1 22. Rxa1 Nd8 23. Rf1 Nf7 24. Bd3 Nd6 25. fxg5 fxg5 26. Rxf8 Bxf8 27. Qe2 Qf5 28. Bxe4 Nxe4 29. c4 Ng3 30. Qd2 dxc4 31. Bf2 Qb1+ 32. Qe1 Qxe1+ 33. Bxe1 Ne2+ 34. Kf2 Nxd4 35. Ke3 Nxb5 36.
Nf3 Bg7 37. Bb4 Bf6 38. g4 Kg6 39. Ke4 Kf7 40. Ne1 Ke6 41. Nc2 Nc3+ 42. Bxc3 Bxc3 43. Na3 Be5 44. Nxc4 Bd6 45. Nb6 Bc5 46. Na4 b6 47. Nc3 Bf2 48. Nb5 Kf6 49. Nc7 e6 50. Nb5 Bg3 51. Nc3 Be5 52. Nb5 Bg3 53. Nc3 Kg6 54. Nb5 h5 55. Nd4 hxg4 56. hxg4 Bd6 57. Nxe6 b5 58.
Nd4 b4 59. Nb3 Be7 60. Nd4 Kf6 61. Nb3 Ke6 62. Nd4+ Kd6 63. Nb3 Kc6 64. Kd4 Kb5 65. Kd5 Ka4 66. Kc4 Bf6 67. Nc5+ Ka3 68. Nb3 Be7 69. Nd4 Bd8 70. Nb3 Bb6 71. Nd2 Ba7 72. Nb3 Be3 73. Na5 Ka4 74. Nb3 Ka3 75. Na5 Bd2 76. Nb3 Bc3 77. Nc5 Kb2 78. Nb3 Kc2 79.
Nc5 Bd2 80. Nb3 Kd1 81. Nd4 Ke1 82. Kd3 Bc3 83. Nf3+ Kf2 84. Nxg5 Kg3 85. Ne4+ Kxg4 86.
Nxc3 b3 87. Nd1 b2 88. Nxb2 1/2-1/2